 Dungeon Crawl Stone Soup version 0.28-a0-804-g60983d4ba9 (webtiles) character file.

Game seed: 1962446809610583768

4 vurker the Gusty (level 1, 0/7 HPs)
             Began as a Felid Air Elementalist on Nov 7, 2021.
             Slain by a hobgoblin (1 damage)
             ... on level 1 of the Dungeon.
             The game lasted 00:00:12 (222 turns).

vurker the Gusty (Felid Air Elementalist)            Turns: 222, Time: 00:00:13

Health: 0/7        AC:  1    Str:  4    XL:     1   Next: 50%
Magic:  0/4        EV: 17    Int: 16    God:
Gold:   0          SH:  0    Dex: 16    Spells: 3/4 levels left
                                        Lives:  0   Deaths: 0

rFire   . . .      SeeInvis +   (weapon unavailable)
rCold   . . .      Faith    .   (shield unavailable)
rNeg    . . .      Spirit   .   (armour unavailable)
rPois   .          Reflect  .   (helmet unavailable)
rElec   .          Harm     .   (cloak unavailable)
rCorr   .          Rampage  .   (gloves unavailable)
Will    .....                   (boots unavailable)
Stlth   ++........              (no amulet)
HPRegen 0.02/turn               (no ring)
MPRegen 0.09/turn               (no ring)

@: very slightly contaminated, quick
A: very small, claws 1, fangs 3, see invisible, speed 1, shaggy fur 1, stealthy
paws, no weapons or thrown items, no armour, multi-lived
a: no special abilities


You were on level 1 of the Dungeon.
You visited 1 branch of the dungeon, and saw 1 of its levels.

Inventory:

Scrolls
 a - 3 scrolls of amnesia {unknown}
Potions
 b - a potion of flight {unknown}


   Skills:
 + Level 0.2 Fighting
 - Level 2.6 Dodging
 - Level 2.6 Stealth
 * Level 2.1 Spellcasting
 + Level 1.0 Conjurations
 * Level 2.7 Air Magic


You had 3 spell levels left.
You knew the following spells:

 Your Spells              Type           Power      Damage    Failure   Level
a - Shock                 Conj/Air       28%        1d4       10%         1

Your spell library contained the following spells:

 Spells                   Type           Power      Damage    Failure   Level
 Static Discharge         Conj/Air       7%         N/A       14%         2
 Swiftness                Air            10%        N/A       21%         3
 Airstrike                Air            5%         N/A       54%         4


Dungeon Overview and Level Annotations

Branches:
Dungeon (1/15)

Altars:


Innate Abilities, Weirdness & Mutations

You have sharp claws.
You have razor-sharp teeth.
You have supernaturally acute eyesight. (SInv)
You cover ground quickly. (Speed+)
You are covered in fur. (AC +1)
Your paws help you pounce on unaware monsters.
You are incapable of wielding weapons or throwing items.
You cannot wear armour.
You gain extra lives every three experience levels.


Message History

A kobold is nearby!
A kobold is nearby!
A kobold is nearby!
Aim: a kobold, wielding a +0 dagger and quivering stones (60% to hit)
The zap hits the kobold.
A jackal comes into view.
Aim: a kobold, wielding a +0 dagger and quivering stones (moderately wounded, 60% to hit)
The zap misses the kobold.
The kobold throws a stone.
The stone closely misses you.
Aim: a kobold, wielding a +0 dagger and quivering stones (moderately wounded, 60% to hit)
The zap hits the jackal.
The zap hits the kobold.
There are monsters nearby!
Aim: a kobold, wielding a +0 dagger and quivering stones (severely wounded, 60% to hit)
The zap hits the jackal.
You kill the jackal!
The zap hits the kobold.
You kill the kobold!
Your Conjurations skill increases to level 1!
Found a human skeleton.
Found a human skeleton.
A hobgoblin comes into view.
Found a minotaur skeleton and a human skeleton.
The hobgoblin shouts!
The hobgoblin moves out of view.
Found a human skeleton.
Things that are here:
a +0 dagger; 3 stones
Aim: a hobgoblin (68% to hit)
You miscast Shock.
You are very lightly contaminated with residual magic.
Nothing appears to happen.
The hobgoblin misses you.
A hobgoblin is nearby!
A hobgoblin is nearby!
Aim: a hobgoblin (68% to hit)
The zap hits the hobgoblin.
The hobgoblin misses you.
Aim: a hobgoblin (heavily wounded, 68% to hit)
The zap hits the hobgoblin.
The hobgoblin barely misses you.
A hobgoblin is nearby!
Aim: a hobgoblin (almost dead, 68% to hit)
The zap misses the hobgoblin.
The hobgoblin hits you.
A hobgoblin is nearby!
A hobgoblin is nearby!
A hobgoblin is nearby!
You don't have enough magic to cast this spell.
You don't have enough magic to cast this spell.
You scratch the hobgoblin but do no damage.
The hobgoblin hits you.
* * * LOW HITPOINT WARNING * * *
You barely miss the hobgoblin. The hobgoblin hits you.
You die...

.......# .......# ###
........ ..# .......#
#.# # .......# ##.##
###.. .......# ...
.8.8.. ..###### #.#
#..÷÷÷÷ ...##
####.####.....÷. ....##
#.......@.8.....
.....####....###g#......
.....'..................
.....####......#.#######
....## #...#.##.# †..##
#.##..##.# ..##
#.###.##.# '## #.. ....#
.# ### ###


You could see a hobgoblin.

Vanquished Creatures
  A jackal (D:1)
  A frilled lizard (D:1)
  2 kobolds (D:1)
4 creatures vanquished.

Notes
Turn   | Place    | Note
-------+----------+-------------------------------------------
     0 | D:1      | vurker the Felid Air Elementalist began the quest for the
                  | Orb.
     0 | D:1      | Reached XP level 1. HP: 7/7 MP: 4/4
   172 | D:1      | Reached skill level 1 in Conjurations
   222 | D:1      | Slain by a hobgoblin

Illustrated notes

Levels and vault maps discovered:
D:1:      psy_arrival_radial02, layout_loops_corners,
          shapermc_ecumenical_altar_pompeii, skrybe_limestone_x,
          minmay_split_cup_small

Skill      XL: |  1 |
---------------+----+-----
Conjurations   | 1 |  1.0
Fighting       | |  0.2
Dodging        | |  2.6
Stealth        | |  2.6
Spellcasting   | |  2.1
Air Magic      | |  2.7

Action                   || total
-------------------------++-------
Melee: Unarmed           ||     2
 Cast: Shock             ||     9
Dodge: Dodged            ||     5

Table legend: (Time is in decaauts)
 A = Elapsed time spent in this place.
 B = Non-inter-level travel time spent in this place.
 C = Inter-level travel time spent in this place.
 D = Time resting spent in this place.
 E = Time spent auto-exploring this place.
 F = Levels seen in this place.
 G = Mean time per level.
                   A        B        C        D        E       F      G
               +--------+--------+--------+--------+--------+-----+--------+
         Total |    195 |    195 |      0 |      0 |    174 |   1 |  195.0 |
       Dungeon |    195 |    195 |      0 |      0 |    174 |   1 |  195.0 |
               +--------+--------+--------+--------+--------+-----+--------+

Top non-repeatable levels by time:
     D:1: 195 daAuts
